 Dungeon Crawl Stone Soup version 0.27.1-33-g824d729ab1 (webtiles) character file.

Game seed: 2922131961664824235

37 croobank the Grasshopper (level 3, 0/22 HPs)
             Began as a Gargoyle Wanderer on Dec 6, 2021.
             Slain by a gnoll (5 damage)
             ... on level 2 of the Dungeon on Dec 7, 2021.
             The game lasted 00:13:11 (2630 turns).

croobank the Grasshopper (Gargoyle Wanderer)        Turns: 2630, Time: 00:13:12

Health: 0/22       AC: 11    Str: 14    XL:     3   Next: 39%
Magic:  5/6        EV:  5    Int: 10    God:
Gold:   25         SH:  0    Dex: 13    Spells: 1/6 levels left

rFire    . . .     SeeInvis .   h - +0 short sword
rCold    . . .     Faith    .   (no shield)
rNeg     + . .     Spirit   .   i - +0 chain mail
rPois    ∞         Reflect  .   (no helmet)
rElec    +         Harm     .   (no cloak)
rCorr    .         Rampage  .   (no gloves)
Will     .....                  (no boots)
Stlth    ..........             (no amulet)
HPRegen  0.07/turn              (no ring)
MPRegen  0.10/turn              (no ring)

@: very slightly contaminated
A: sickness immunity, AC +3, negative energy resistance 1, electricity
resistance, torment resistance 1, petrification resistance
a: no special abilities


You were on level 2 of the Dungeon.
You visited 1 branch of the dungeon, and saw 2 of its levels.

You collected 25 gold pieces.

Inventory:

Hand Weapons
 a - a +0 club
 d - a +0 dagger
 h - a +0 short sword (weapon)
Missiles
 e - 63 stones (quivered)
 g - 10 bolts
Armour
 b - a +0 robe
 i - a +0 chain mail (worn)
Scrolls
 c - 4 scrolls of teleportation
Potions
 f - a potion of brilliance


   Skills:
 + Level 2.5 Fighting
 * Level 0.4 Short Blades
 - Level 0.8(1.1) Maces & Flails
 + Level 1.0(1.1) Staves
 + Level 0.2 Throwing
 + Level 0.2 Dodging
 + Level 2.4 Stealth
 + Level 2.0 Spellcasting
 + Level 3.2 Translocations


You had one spell level left.
You knew the following spells:

 Your Spells              Type           Power      Damage    Failure   Level
a - Blink                 Tloc           N/A        N/A       98%         2
b - Searing Ray           Conj           2%         3d3       100%        2
c - Magic Dart            Conj           4%         1d3       100%        1

Your spell library contained the following spells:

 Spells                   Type           Power      Damage    Failure   Level
 Apportation              Tloc           14%        N/A       94%         1
 Call Imp                 Summ           1%         N/A       100%        2
 Slow                     Hex            1%         N/A       100%        2
 Conjure Flame            Conj/Fire      1%         6-21      100%        3
 Frozen Ramparts          Ice            2%         1d2       100%        3
 Mephitic Cloud           Conj/Pois/Air  1%         N/A       100%        3
 Swiftness                Air            1%         N/A       100%        3
 Teleport Other           Tloc           7%         N/A       100%        3
 Ice Form                 Ice/Tmut       1%         N/A       100%        4
 Sticky Flame             Conj/Fire      1%         2d3       100%        4
 Summon Ice Beast         Ice/Summ       1%         N/A       100%        4
 Freezing Cloud           Conj/Ice/Air   0%         6-21      100%        5
 Storm Form               Tmut/Air       0%         N/A       100%        7


Dungeon Overview and Level Annotations

Branches:
Dungeon (2/15)

Altars:


Innate Abilities, Weirdness & Mutations

You are immune to sickness and miasma.
Your stone body is resilient. (AC +3)
You are immune to poison.
You resist negative energy. (rN+)
You are resistant to electric shocks. (rElec)
You are resistant to unholy torment.
You are immune to petrification.


Message History

You hit the worm.
The worm is almost dead.
The worm barely misses you.
Your magical contamination has completely faded away.
You hit the worm but do no damage.
The worm is almost dead.
You hit the worm.
You kill the worm!
You start resting.
A gnoll comes into view. It is wielding a +0 flail.
There is a stone staircase leading up here.
You climb upwards.
There is a stone staircase leading down here.
You start resting.
HP restored.
You climb downwards.
There is a stone staircase leading up here.
The gnoll shouts!
You barely miss the gnoll. The gnoll barely misses you.
You closely miss the gnoll.
A gnoll comes into view. It is wielding a +0 halberd.
The gnoll barely misses you.
You closely miss the gnoll.
The gnoll shouts!
The gnoll hits you with a +0 flail.
You closely miss the gnoll. The gnoll hits you but does no damage.
You completely miss the gnoll. The gnoll hits you with a +0 flail!
You closely miss the gnoll. The gnoll hits you with a +0 flail.
Casting: Magic Dart (safe; 100% risk of failure)
Confirm with . or Enter, or press ? or * to list all spells.
Aiming: Magic Dart (safe; 100% risk of failure)
Press: ? - help, Shift-Dir - straight line, f - gnoll
Aim: a gnoll, wielding a +0 flail (100% to hit)
You miscast Magic Dart.
You are very lightly contaminated with residual magic.
Nothing appears to happen.
The gnoll hits you with a +0 flail.
* * * LOW HITPOINT WARNING * * *
There is a stone staircase leading up here.
The gnoll hits you with a +0 flail.
You die...

### #.. #.#
#.# #.# #@#
#g# #<#
#########g#
..........#
#####...####.#
.............#
#####..<#.####
##.##.#


You could see 2 gnolls.

Vanquished Creatures
  A worm (D:2)
  A dart slug (D:1)
  4 bats (D:1)
  2 endoplasms (D:1)
  2 giant cockroaches (D:1)
  A goblin (D:1)
  3 hobgoblins
  4 jackals (D:1)
  4 kobolds (D:1)
  A quokka (D:1)
  2 ball pythons (D:1)
  2 frilled lizards (D:1)
  2 rats (D:1)
29 creatures vanquished.

Notes
Turn   | Place    | Note
-------+----------+-------------------------------------------
     0 | D:1      | croobank the Gargoyle Wanderer began the quest for the Orb.
     0 | D:1      | croobank set off with the following items: a +0 club, a +0
                  | robe, a scroll of teleportation, a +0 dagger; and the
                  | following spells available to memorise: Apportation, Blink,
                  | Magic Dart, Teleport Other, Call Imp, Slow, Conjure Flame,
                  | Mephitic Cloud
     0 | D:1      | Reached XP level 1. HP: 12/12 MP: 3/3
   101 | D:1      | Reached skill level 3 in Translocations
   242 | D:1      | Reached XP level 2. HP: 5/17 MP: 5/5
   771 | D:1      | Found a faded altar of an unknown god.
  1023 | D:1      | Reached XP level 3. HP: 22/22 MP: 6/6
  1521 | D:1      | Identified a scroll of acquirement
  1521 | D:1      | Acquired the Incunabulum of the Guardian
  1526 | D:1      | Learned a level 2 spell: Blink
  1529 | D:1      | Learned a level 2 spell: Searing Ray
  2421 | D:1      | Learned a level 1 spell: Magic Dart
  2630 | D:2      | Slain by a gnoll

Illustrated notes

Levels and vault maps discovered:
D:1:      wander_arrival_chamber, layout_basic,
          hellmonk_ecumenical_altar_arch_garden
D:2:      layout_loops_ring

Skill      XL: |  1 |
---------------+----+-----
Translocations | 3 |  3.2
Fighting       | |  2.5
Short Blades   | |  0.4
Maces & Flails | |  0.8
Staves         | |  1.0
Throwing       | |  0.2
Dodging        | |  0.2
Stealth        | |  2.4
Spellcasting   | |  2.0

Action                   || total
-------------------------++-------
Melee: Club              ||   167
       Short sword       ||    22
Throw: Stone             ||    25
  Use: Scroll            ||     1
       Potion            ||     1
 Stab: Sleeping          ||     2
Armor: Robe              ||    65
       Chain mail        ||    15
Dodge: Dodged            ||   111
